 Dungeon Crawl Stone Soup version 0.15-a0-1579-gd26fec2 (webtiles) character file.

8 Bloax the Changer (level 2, -2/21 HPs)
             Began as a Merfolk Transmuter on June 19, 2014.
             Slain by a giant gecko (3 damage)
             ... on Level 2 of the Dungeon.
             The game lasted 00:00:59 (163 turns).

Bloax the Changer (Merfolk Transmuter)               Turns: 163, Time: 00:00:59

HP  -2/21        AC  3     Str 10      XL: 2   Next:  8%
MP   3/4         EV 11     Int 12      God:
Gold 31          SH  0     Dex 14      Spells:  1 memorised,  4 levels left

rFire  . . .     SeeInvis .       - Unarmed
rCold  . . .     Clarity  .     h - +0 leather armour (curse)
rNeg   . . .     rCorr    .     (no shield)
rPois  .         rRot     .     (helmet restricted)
rElec  .         Spirit   .     (no cloak)
SustAb .         Warding  .     (no gloves)
rMut   .         Stasis   .     (no boots)
Gourm  .                        (no amulet)
MR     .....                    (no ring)
                                (no ring)

@: appendage, not resistant to hostile enchantments, very unstealthy
A: change form in water, swift swim, horns 2
a: End Transformation


You were on level 2 of the Dungeon.
You were not hungry.
You had grown temporary horns.
You visited 1 branch of the dungeon, and saw 2 of its levels.

You collected 31 gold pieces.


Innate Abilities, Weirdness & Mutations

You revert to your normal form in water.
You are very nimble and swift while swimming.
You have a pair of horns on your head.


   Skills:
 - Level 1.1 Fighting
 - Level 2.6 Dodging
 - Level 3.2 Unarmed Combat
 + Level 2.1 Spellcasting
 * Level 3.4 Transmutations


You had 4 spell levels left.
You knew the following spells:

 Your Spells              Type           Power        Failure   Level  Hunger
a - Beastly Appendage     Trmt           #.....       10%         1    ##.....


Dungeon Overview and Level Annotations

Branches:
Dungeon (2/15)

Altars:

Inventory:

Missiles
 b - 12 arrows
Armour
 h - a cursed +0 leather armour (worn)
   (You found it on level 1 of the Dungeon)
Comestibles
 a - 3 bread rations
 i - a beef jerky
Scrolls
 c - a scroll of identify {unknown}
 e - 3 scrolls of fog {unknown}
Potions
 f - a potion of confusion {unknown}
 g - a potion of curing {unknown}
Books
 d - a book of Changes

   Spells                             Type                      Level
   *Beastly Appendage                 Transmutation                1
   Sticks to Snakes                   Transmutation                2
   Spider Form                        Transmutation/Poison         3
   Ice Form                           Ice/Transmutation            4
   Blade Hands                        Transmutation                5

........#
.........#
..........#
..........#
..........#
...........##
#........>#
#.#####l#......
#@# ### #<#
#.......#
...#.###### #


You could see a giant gecko.


Message History

i - a beef jerky You see here a giant gecko corpse.
Found 15 stones.
Found a stone staircase leading down.
Found a spear.
Your transformation is almost over.
A rat comes into view.
There is a stone staircase leading down here.
You climb downwards.
There is a stone staircase leading up here.
A giant cockroach comes into view.
A giant gecko comes into view.
Found a stone staircase leading down.
Casting: Beastly Appendage You extend your transformation's duration.
Your transformation is almost over.
The giant gecko misses you.
You hit the giant gecko but do no damage.
You headbutt the giant gecko.
The giant gecko is heavily wounded.
The giant gecko misses you.
You barely miss the giant gecko.
The giant gecko is heavily wounded.
The giant cockroach bites you but does no damage.
The giant gecko barely misses you. The giant cockroach bites you.
* * * LOW HITPOINT WARNING * * *
The giant gecko bites you but does no damage.
You barely miss the giant cockroach.
The giant cockroach bites you but does no damage.
You hit the giant cockroach but do no damage.
The giant cockroach bites you but does no damage.
You closely miss the giant cockroach. The giant cockroach bites you.
* * * LOW HITPOINT WARNING * * *
The giant cockroach bites you but does no damage.
You hit the giant cockroach.
You headbutt the giant cockroach, but do no damage.
The giant cockroach is severely wounded.
The giant cockroach barely misses you.
You hit the giant cockroach but do no damage.
The giant cockroach is severely wounded.
Your horns disappear.
The giant cockroach bites you but does no damage.
You barely miss the giant cockroach.
The giant cockroach is severely wounded.
The giant cockroach bites you.
* * * LOW HITPOINT WARNING * * *
You barely miss the giant cockroach.
The giant cockroach is severely wounded.
The giant cockroach bites you but does no damage.
You hit the giant cockroach but do no damage.
The giant cockroach is severely wounded.
The giant cockroach bites you.
* * * LOW HITPOINT WARNING * * *
You hit the giant cockroach.
You kill the giant cockroach!
Casting: Beastly Appendage You grow a pair of large bovine horns.
The giant gecko bites you.
* * * LOW HITPOINT WARNING * * *
The giant gecko barely misses you.
You closely miss the giant gecko.
You headbutt the giant gecko, but do no damage.
The giant gecko is moderately wounded.
The giant gecko bites you.
* * * LOW HITPOINT WARNING * * *
You hit the giant gecko but do no damage.
The giant gecko is moderately wounded.
The giant gecko bites you but does no damage.
You hit the giant gecko but do no damage.
The giant gecko is moderately wounded.
The giant gecko bites you.
You die...

Action                   || total
-------------------------++-------
Melee: Unarmed           ||    37
 Cast: Beastly Appendage ||     6

Vault maps used:
D:1:      minmay_arrival_five_plusses
D:2:      uniq_iyjb

Notes
Turn   | Place    | Note
--------------------------------------------------------------
     0 | D:1      | Bloax, the Merfolk Transmuter, began the quest for the Orb.
     0 | D:1      | Reached XP level 1. HP: 15/15 MP: 3/3
    22 | D:1      | Reached skill level 3 in Transmutations
   129 | D:1      | Reached XP level 2. HP: 8/21 MP: 2/4
   158 | D:2      | HP: 5/21 [giant cockroach (2)]
   161 | D:2      | HP: 1/21 [giant gecko (3)]
   163 | D:2      | Slain by a giant gecko

Vanquished Creatures
  A giant gecko (D:1)
  A goblin (D:1)
  A jackal (D:1)
  2 kobolds (D:1)
  A giant cockroach (D:2)
6 creatures vanquished.
